 Dungeon Crawl Stone Soup version 0.28-a0-2-g643f2454ad (webtiles) character file.

Game seed: 7736805781637153144

858 PentaManta the Grappler (level 8, -2/67 HPs)
             Began as a Ghoul Fighter on July 22, 2021.
             Was an Initiate of Fedhas.
             Killed by divine providence
             ... invoked by an orc priest
              (13 damage)
             ... on level 5 of the Dungeon.
             The game lasted 00:07:26 (3886 turns).

PentaManta the Grappler (Ghoul Fighter)             Turns: 3886, Time: 00:07:28

Health: -2/67      AC:  9    Str: 20    XL:     8   Next: 2%
Magic:  7/7        EV:  9    Int:  5    God:    Fedhas [......]
Gold:   258        SH:  0    Dex:  8    Spells: 7/7 levels left

rFire   + . .      SeeInvis .     - Unarmed
rCold   + + .      Faith    .   (no shield)
rNeg    + + +      Spirit   .   a - +0 scale mail
rPois   ∞          Reflect  .   j - +0 helmet
rElec   .          Harm     .   w - scarf {rC+ rF+}
rCorr   .          Rampage  .   (no gloves)
Will    .....                   q - +0 pair of boots
Stlth   ..........              (no amulet)
HPRegen 0.00/turn               (no ring)
MPRegen 0.10/turn               (no ring)

@: inhibited regen
A: claws 1, cold resistance 1, negative energy resistance 3, inhibited
regeneration, torment resistance 2
a: Renounce Religion


You were on level 5 of the Dungeon.
You worshipped Fedhas.
Fedhas was noncommittal.
You visited 2 branches of the dungeon, and saw 6 of its levels.

You collected 258 gold pieces.

Inventory:

Hand Weapons
 x - a +1 hunting sling of freezing
Missiles
 v - 41 poisoned darts (quivered)
 D - 30 sling bullets
Armour
 a - a +0 scale mail (worn)
 b - a +0 kite shield
 d - a +0 pair of gloves
 j - a +0 helmet (worn)
 n - a +2 tower shield
 q - a +0 pair of boots (worn)
 w - a scarf of resistance (worn)
Scrolls
 e - a scroll of torment {unknown}
 f - 3 scrolls of teleportation
 g - 3 scrolls of magic mapping {unknown}
 h - 2 scrolls of identify
 i - a scroll of fear {unknown}
 k - a scroll of enchant armour {unknown}
 m - a scroll of enchant weapon {unknown}
 p - a scroll of blinking {unknown}
 r - a scroll of amnesia {unknown}
 t - 2 scrolls of fog {unknown}
 y - a scroll of summoning {unknown}
 A - a scroll of brand weapon {unknown}
Potions
 c - a potion of might
 l - a potion of mutation {unknown}
 o - 2 potions of ambrosia {unknown}
 s - 2 potions of haste {unknown}
 u - a potion of curing {unknown}
 z - a potion of lignification {unknown}
 B - a potion of attraction {unknown}
 C - a potion of degeneration {unknown}
 E - a potion of flight {unknown}
 F - 3 potions of berserk rage {unknown}


   Skills:
 * Level 4.4 Fighting
 + Level 3.0 Armour
 + Level 0.0 Dodging
 * Level 2.7 Shields
 + Level 9.2 Unarmed Combat


You had 7 spell levels left.
You didn't know any spells.
Your spell library contained the following spells:

 Spells                   Type           Power      Damage    Failure   Level
 Animate Skeleton         Necr           0%         N/A       83%         1
 Apportation              Tloc           0%         N/A       83%         1
 Corona                   Hex            0%         N/A       83%         1
 Summon Small Mammal      Summ           0%         N/A       83%         1
 Call Canine Familiar     Summ           0%         N/A       99%         3
 Portal Projectile        Hex/Tloc       0%         N/A       99%         3
 Leda's Liquefaction      Hex/Erth       0%         N/A       100%        4


Dungeon Overview and Level Annotations

Branches:
Dungeon (5/15)             Temple (1/1) D:4

Altars:
Fedhas
Gozag
Okawaru
Trog
Uskayaw
Wu Jian
Yredelemnul
The Shining One

Shops:
D:2 (


Innate Abilities, Weirdness & Mutations

You thrive by killing the living.
You are immune to poison.
You have sharp fingernails.
Your flesh is cold resistant. (rC+)
You are immune to negative energy. (rN+++)
You do not regenerate when monsters are visible.
You are immune to unholy pain and torment.


Message History

You kill the orc!
Fedhas appreciates your contribution to the ecosystem.
No target in view!
No target in view!
You start resting.
An adder comes into view.
The adder hisses angrily.
The adder bites you.
You claw the adder!
The adder is severely wounded.
The adder bites you.
You scratch the adder.
You kill the adder!
Fedhas appreciates your contribution to the ecosystem.
You feel better.
No target in view!
No target in view!
You start resting.
An orc priest is nearby!
The orc priest mumbles some strange prayers to Beogh against you.
Beogh smites you!
You hear a shout! x3
The orc priest shouts!
The orc priest looks braver for a moment.
You scratch the orc priest but do no damage.
The orc priest hits you but does no damage.
You barely miss the orc priest.
The orc priest invokes the aid of Beogh against you.
Beogh smites you!
The orc priest hits you with a +0 flail.
As you read the scroll labelled DEBRAQOET, it crumbles to dust.
It is a scroll of identify.
f - 3 scrolls of teleportation The orc priest mumbles some strange prayers to Beogh against you.
Beogh smites you!
* * * LOW HITPOINT WARNING * * *
The orc priest calls down the wrath of Beogh upon you.
Beogh smites you!
You die...
Fedhas appreciates your contribution to the ecosystem.

....<.........#.# ########......
##.........##.# # #........#.#..
##.........##.### ..#######h.#.#
.................. ####.##.#
##........<.###o.### ####....# .#
..#..>....#..###.o.###....####
#..........#.oo.#.........#
...........####...........#
...........# #..@o........####.
#..........###.#..†)...........o.
##...............########(.....o.
##.......#....### .........
####.....##......# ....:....
#....##.###.####.# #.........
#.#####.##..# .# ##........ #.#
#....## # ##....... #.#
######..###


You could see 2 orc priests and 2 orc wizards.

Vanquished Creatures
  An ice beast (D:4)
  A black bear (D:4)
  2 ogres (D:4)
  A phantom (D:5)
  A scorpion (Temple)
  2 centaur zombies
  3 hounds
  A centaur skeleton (D:5)
  An iguana (D:4)
  An orc wizard (D:4)
  6 adders
  A shadow imp (D:3)
  An ufetubus (D:5)
  2 worms
  A dart slug (D:1)
  2 orcs
  7 endoplasms
  2 giant cockroaches
  6 goblins
  7 hobgoblins
  5 jackals (D:2)
  5 kobolds
  4 quokkas
  7 ball pythons
  4 bats
  3 frilled lizards
  7 rats
84 creatures vanquished.

Vanquished Creatures (others)
  6 fungi (D:2)
  6 plants (D:2)
12 creatures vanquished.

Grand Total: 96 creatures vanquished

Notes
Turn   | Place    | Note
-------+----------+-------------------------------------------
     0 | D:1      | PentaManta the Ghoul Fighter began the quest for the Orb.
     0 | D:1      | Reached XP level 1. HP: 19/19 MP: 0/0
   102 | D:1      | Reached XP level 2. HP: 13/26 MP: 1/1
   542 | D:1      | Reached XP level 3. HP: 30/33 MP: 2/2
   567 | D:1      | Reached skill level 3 in Unarmed Combat
   927 | D:2      | Found Xunafeh's Antique Weapon Shoppe.
  1040 | D:2      | Reached XP level 4. HP: 40/40 MP: 3/3
  1289 | D:2      | Found a faded altar of an unknown god.
  1375 | D:2      | Reached skill level 4 in Unarmed Combat
  1630 | D:3      | Found an opulent altar of Gozag.
  2239 | D:4      | Found a staircase to the Ecumenical Temple.
  2252 | D:4      | Noticed a scorpion
  2271 | Temple   | Entered the Ecumenical Temple
  2276 | Temple   | Killed a scorpion
  2277 | Temple   | Reached skill level 5 in Unarmed Combat
  2277 | Temple   | Reached XP level 5. HP: 43/46 MP: 4/4
  2313 | Temple   | Became a worshipper of Fedhas Madash
  2438 | D:4      | Noticed an ogre
  2461 | D:4      | Killed an ogre
  2462 | D:4      | Reached skill level 6 in Unarmed Combat
  2462 | D:4      | Reached XP level 6. HP: 24/52 MP: 5/5
  2693 | D:4      | Found an ornate altar of the Wu Jian Council.
  2949 | D:4      | Noticed a black bear
  2960 | D:4      | Killed a black bear
  2961 | D:4      | Reached skill level 7 in Unarmed Combat
  2961 | D:4      | Reached XP level 7. HP: 53/59 MP: 6/6
  3202 | D:5      | Entered Level 5 of the Dungeon
  3435 | D:4      | Reached skill level 8 in Unarmed Combat
  3819 | D:5      | Reached skill level 9 in Unarmed Combat
  3819 | D:5      | Reached XP level 8. HP: 40/67 MP: 7/7
  3886 | D:5      | Killed from afar by an orc priest

Illustrated notes

Levels and vault maps discovered:
D:1:      amcnicky_arrival_gap_in_the_tavern_cellar, layout_rooms, minmay_cupped
D:2:      layout_basic, serial_shops, shop_fountains,
          shapermc_ecumenical_altar_mp_urbaneastern, palyth_stone_intersect
D:3:      layout_basic, grunt_gozag_breadcrumbs,
          amcnicky_mini_rare_corridor_liquid, chequers_serial_rivers_marsh,
          minmay_ruptured
D:4:      layout_rooms, nzn_wu_jian_contemplation, minmay_temple_entry_mist
D:5:      layout_rooms
Temple:   regret_index_temple_mists

Skill      XL: |  1  2  3  4  5  6  7 |
---------------+----------------------+-----
Armour         | 3 |  3.0
Unarmed Combat | 3 5 6 7 9 |  9.2
Fighting       | 4 |  4.4
Shields        | |  2.7

Action                   |  1- 3 |  4- 6 |  7- 9 || total
-------------------------+-------+-------+-------++-------
Melee: Unarmed           |   123 |   124 |    88 ||   335
       Punch             |     1 |       |     4 ||     5
Throw: Dart              |       |    11 |       ||    11
  Use: Scroll            |       |       |     1 ||     1
Armor: Scale mail        |    60 |    56 |    64 ||   180
Dodge: Dodged            |    56 |    53 |    50 ||   159

Table legend: (Time is in decaauts)
 A = Elapsed time spent in this place.
 B = Non-inter-level travel time spent in this place.
 C = Inter-level travel time spent in this place.
 D = Time resting spent in this place.
 E = Time spent auto-exploring this place.
 F = Levels seen in this place.
 G = Mean time per level.
                   A        B        C        D        E       F      G
               +--------+--------+--------+--------+--------+-----+--------+
         Total |   3883 |   3655 |    228 |    353 |   2488 |   6 |  647.2 |
       Dungeon |   3818 |   3600 |    218 |    353 |   2465 |   5 |  763.6 |
        Temple |     64 |     54 |     10 |      0 |     22 |   1 |   64.0 |
               +--------+--------+--------+--------+--------+-----+--------+

Top non-repeatable levels by time:
     D:4: 1332 daAuts
     D:3: 818 daAuts
     D:1: 745 daAuts
     D:2: 657 daAuts
     D:5: 264 daAuts
  Temple: 64 daAuts
